Unix NetHack Version 3.7.0-94 Work-in-progress - last build Dec 18 2023 00:11:04 (7e3deff068b9ef4f2ebb9a71ea0f5c4a3b578a14,branch:master). Game began 2023-12-20 09:00:00, ended 2023-12-20 09:08:38. elenmirie, neutral female gnomish Healer ----- - |...-- |. - ....| -..----...-- |.....|@B..-- |.......f...| |...........------- -.............(.....- --..h..........----- ................| -----...........-- |...........| |........G..| |...........- --........... --.|.--.|..- ----- ----- Elenmirie the Rhizotomist St:10 Dx:9 Co:15 In:9 Wi:18 Ch:16 Neutral Dlvl:5 $:1998 HP:0(13) Pw:5(5) AC:6 Xp:1/10 T:1574 Latest messages: Coco drops a white gem. The hobbit picks up 2 fortune cookies. You are beginning to feel hungry. Coco picks up a white gem. The homunculus bites! Coco misses the homunculus. Coco bites the homunculus. The homunculus misses Coco. The homunculus bites! Coco bites the homunculus. The homunculus misses! The hobbit shoots a rock! A rock misses you. Coco bites the homunculus. The homunculus misses Coco. The homunculus misses! The hobbit shoots a rock! You are hit by a rock. What do you want to drink? [dfgoq or ?*] ? You feel better. Your movements are now unencumbered. Coco misses the homunculus. The homunculus bites! You avoid harm. Coco drops a white gem. Coco misses the homunculus. Coco misses the homunculus. The homunculus bites! Coco picks up a white gem. Coco misses the homunculus. What do you want to eat? [lpuw or ?*] ? This pancake is delicious! Coco bites the homunculus. The homunculus bites! You avoid harm. You stop eating the pancake. The giant bat bites! Coco bites the homunculus. The homunculus is killed! The giant bat misses! Coco bites the giant bat. The giant bat misses Coco. The giant bat misses! The giant bat bites! You die... Do you want your possessions identified? [ynq] (y) y Do you want to see your attributes? [ynq] (y) y Do you want an account of creatures vanquished? [ynaq] (y) y Do you want to see your conduct and achievements? [ynq] (y) y Do you want to see the dungeon overview? [ynq] (y) y Inventory: Coins $ - 1998 gold pieces Weapons a - an uncursed +0 scalpel (weapon in right hand) Armor b - an uncursed +1 pair of leather gloves (being worn) t - an uncursed rotted +0 elven cloak (being worn) y - an uncursed +0 leather armor (being worn) Comestibles l - 6 uncursed apples p - 2 uncursed food rations u - an uncursed partly eaten pancake w - an uncursed tripe ration Scrolls n - an uncursed scroll of enchant weapon x - an uncursed scroll of teleportation Spellbooks j - a blessed spellbook of extra healing i - a blessed spellbook of healing k - a blessed spellbook of stone to flesh Potions f - a blessed potion of extra healing g - 3 uncursed potions of extra healing o - 6 uncursed potions of healing q - a potion of holy water Rings r - an uncursed ring of teleportation Wands h - an uncursed wand of sleep (0:4) Tools m - an uncursed bell e - an uncursed skeleton key P - an uncursed stethoscope v - an uncursed tin whistle z - an uncursed tin whistle Elenmirie the Healer's attributes: Background: You were a Rhizotomist, a level 1 female gnomish Healer. You were neutral, nominally on a mission for Hermes who was opposed by Athena (lawful) and Poseidon (chaotic). You were right-handed. You were in the Gnomish Mines, on level 5. You entered the dungeon 1574 turns ago. You had 10 experience points, 10 more were needed to attain level 2. Basics: You had 0 out of 13 hit points. You had all 5 energy points (spell power). Your armor class was 6. Your wallet contained 1998 zorkmids. Autopickup was on for '$' plus thrown. Final Characteristics: Your strength was 10 (limit:18/50). Your dexterity was 9 (limit:18). Your constitution was 15 (limit:18). Your intelligence was 9 (limit:19). Your wisdom was 18 (limit:18). Your charisma was 16 (limit:18). Final Status: You weren't hungry. You were unencumbered. You were wielding a knife. You had basic skill with knife. Final Attributes: You were fervently aligned. You were poison resistant. You had infravision. You were stealthy. You were warded. You are dead. Miscellaneous: You never encountered a bones level. Total elapsed playing time was 8 minutes and 34 seconds. Major events: Turn 1: elenmirie the neutral female gnomish Healer entered the dungeon 1485: entered the Gnomish Mines 1574: killed by a giant bat Vanquished creatures: a homunculus a hobbit a gnome 3 geckos 5 jackals a goblin 2 sewer rats 4 grid bugs 6 lichens 2 newts 26 creatures vanquished. No species were genocided or became extinct. Voluntary challenges: You were an atheist. You were illiterate. You never engraved Elbereth. You never genocided any monsters. You never polymorphed an object. You never changed form. You used no wishes. Achievements: You entered a shop. You entered the Gnomish Mines. The Dungeons of Doom: levels 1 to 5 Level 1: An altar to Hermes, a fountain, a grave. Level 2: Level 3: A fountain. Stairs down to The Gnomish Mines. Level 4: An armor shop, a fountain. Level 5: The Gnomish Mines: levels 4 to 5 Level 4: Level 5: <- You were here. Final resting place for you, killed by a giant bat. Game over: ---------- / \ / REST \ / IN \ / PEACE \ / \ | elenmirie | | 1998 Au | | killed by a | | giant bat | | | | | | 2023 | *| * * * | * _________)/\\_//(\/(/\)/\//\/|_)_______ Goodbye elenmirie the Healer... You died in The Gnomish Mines on dungeon level 5 with 288 points, and 1998 pieces of gold, after 1574 moves. You were level 1 with a maximum of 13 hit points when you died.